Map: Dusk Towers

Players

FLORENCIO - Winner!

  • Race: Protoss Protoss
  • League: Master

Stroganoff

  • Race: Terran Terran
  • League: Master

VOD

Have the link to the VOD?

Description

Time

  • Played on: May 15, 2016, 9:28 p.m.
  • Length: 6:51
Show
View Real Time Build Order
Export as new Build Order

FLORENCIO Protoss - Winner!

Build Orders:  

Get SALT Encoding   

  12  0:01  Probe (Chrono Boost)  
  13  0:11  Probe (Chrono Boost)  
  14  0:22  Probe (Chrono Boost)  
  14  0:25  Pylon  
  15  0:44  Probe (Chrono Boost), Gateway  
  15  0:47  Assimilator  
  16  0:54  Probe (Chrono Boost)  
  17  1:05  Probe (Chrono Boost)  
  18  1:15  Probe (Chrono Boost)  
  19  1:26  Probe (Chrono Boost)  
  19  1:31  Cybernetics Core  
  20  1:36  Probe (Chrono Boost)  
  21  1:45  Pylon  
  22  1:47  Probe (Chrono Boost)  
  22  1:52  Pylon  
  22  2:07  Nexus  
  22  2:21  Gateway  
  22  2:24  Gateway  
  22  2:29  Mothership Core (Chrono Boost)  
  23  2:33  Gateway  
  23  2:36  Gateway  
  22  2:55  Probe (Chrono Boost)  
  23  2:59  Assimilator  
  23  3:10  Stalker  
  23  3:12  Stalker x2  
  29  3:21  Probe (Chrono Boost)  
  30  3:32  Stalker x2  
  34  3:38  Pylon  
  34  3:51  Stalker x2  
  38  3:58  Pylon  
  38  4:16  Stalker x2  
  40  4:31  Pylon  
  40  4:33  Pylon  
  40  4:40  Adept x2  
  44  4:46  Adept  
  44  5:10  Adept x3  
  44  5:13  Adept  
  50  5:47  Adept x3  
  50  5:48  Adept  
  54  6:14  Adept  
Show
View Real Time Build Order
Export as new Build Order

Stroganoff Terran 

Build Orders: Reaper Expand 

Get SALT Encoding   

  12  0:01  SCV  
  13  0:13  SCV  
  14  0:17  Supply Depot  
  14  0:25  SCV  
  15  0:39  SCV  
  15  0:41  Barracks  
  16  0:44  Refinery  
  16  0:51  SCV  
  17  1:03  SCV  
  18  1:15  SCV  
  19  1:28  Reaper  
  19  1:30  Orbital Command  
  20  1:36  Engineering Bay  
  20  1:56  SCV  
  20  1:59  Command Center  
  21  2:08  Barracks Reactor  
  21  2:11  SCV  
  22  2:15  Supply Depot  
  22  2:30  SCV  
  23  2:49  SCV  
  23  2:50  Marine x2  
  26  2:56  Command Center  
  26  3:01  SCV  
  26  3:04  Engineering Bay  
  27  3:06  Refinery  
  27  3:13  Engineering Bay  
  27  3:14  SCV  
  27  3:17  Marine x2  
  30  3:25  Bunker  
  30  3:26  SCV  
  31  3:32  Orbital Command  
  31  3:38  SCV  
  31  3:40  Marine x2  
  34  3:47  Bunker  
  34  3:54  Factory  
  34  3:57  SCV  
  34  3:58  SCV  
  34  4:00  Marine  
  34  4:01  Marine  
  38  4:09  SCV  
  39  4:16  Orbital Command  
  34  4:26  Marine  
  34  4:27  Marine  
  36  4:38  Supply Depot  
  36  4:42  Factory Tech Lab  
  36  4:43  Supply Depot  
  36  4:44  Marine x2  
  37  4:59  Supply Depot  
  37  5:01  Supply Depot  
  37  5:08  Siege Tank  
  37  5:11  Supply Depot  
  37  5:12  Supply Depot  
  40  5:17  SCV x3  
  41  5:28  Barracks  
  41  5:29  SCV x2  
  40  5:44  Barracks  
  18  6:21  Marine  
Tags
 
Add a new tag
Caveats
  • Supply blocks, unpowered buildings, or Contaminate may cause inaccurate times.
  • Supply counts are checked every 10 seconds.